 Seeded DCSS version 0.29.1-1-gd02db6906a (webtiles) character file.

Game seed: 9708579739092153053 (custom seed)

1330 GigaChad the Ducker (level 8, -8/68 HPs)
             Began as a Minotaur Fighter on Sept 15, 2022.
             Was an Initiate of Ashenzari.
             Mangled by an orc warrior
             ... wielding a +0 long sword
              (13 damage)
             ... on level 7 of the Dungeon.
             The game lasted 00:13:41 (4613 turns).

GigaChad the Ducker (Minotaur Fighter)              Turns: 4613, Time: 00:13:42

Health: -8/68      AC: 11    Str: 23    XL:     8   Next: 34%
Magic:  7/7        EV:  8    Int:  5    God:    Ashenzari [......]
Gold:   615        SH:  5    Dex: 10    Spells: 7/7 levels left

rFire   . . .      SeeInvis +   o - +4 demon blade (freeze)
rCold   . . .      Faith    .   c - +0 buckler
rNeg    . . .      Spirit   .   j - +0 plate armour
rPois   .          Reflect  .   (helmet restricted)
rElec   .          Harm     .   (no cloak)
rCorr   +          Rampage  .   (no gloves)
Will    +....                   (no boots)
Stlth   ..........              n - amulet "Repose of Ashenzari" {RegenMP Drain Will+ rCorr SInv, Melee, Range} (curse)
HPRegen 0.21/turn               (no ring)
MPRegen 0.50/turn               (no ring)

@: no status effects
A: horns 2, retaliatory headbutt
a: Renounce Religion, Shatter the Chains


You were on level 7 of the Dungeon.
You worshipped Ashenzari.
Ashenzari was noncommittal.
You visited 2 branches of the dungeon, and saw 8 of its levels.

You collected 615 gold pieces.

Inventory:

Hand Weapons
 a - a +0 long sword
 g - the +7 mace of the Maze {spect, rPois Will+ Str+2}
   (You found it on level 2 of the Dungeon)

   When its wielder attacks, the weapon's spirit leaps out and strikes again.
   The spirit shares a part of any damage it takes with its wielder.
   Str:       It affects your strength (+2).
   rPois:     It protects you from poison.
   Will:      It increases your willpower.
 o - a +4 demon blade of freezing (weapon)
Armour
 b - a +0 scale mail
 c - a +0 buckler (worn)
 j - a +0 plate armour (worn)
Jewellery
 n - the cursed amulet "Repose of Ashenzari" (around neck) {RegenMP Drain Will+ rCorr SInv, Melee, Range}
   (You acquired it on level 3 of the Dungeon)

   [amulet of magic regeneration]

   It increases your rate of magic regeneration.
   SInv:      It lets you see invisible.
   rCorr:     It protects you from acid and corrosion.
   Drain:     It drains your maximum health when unequipped.
   Will:      It increases your willpower.
   It has a curse which improves the following skills: Melee Combat: Short
   Blades, Long Blades, Axes, Maces & Flails, Polearms, Staves and Unarmed
   Combat.
   Ranged Combat: Ranged Weapons and Throwing.
 u - a ring of resist corrosion
Scrolls
 e - 3 scrolls of blinking
 f - 2 scrolls of noise
 h - 6 scrolls of identify
 l - a scroll of fear {unknown}
 q - a scroll of immolation {unknown}
 t - a scroll of amnesia {unknown}
Potions
 d - a potion of might
 i - a potion of brilliance {unknown}
 k - a potion of haste
 m - a potion of resistance {unknown}
 p - 2 potions of degeneration {unknown}
 r - a potion of flight {unknown}
 s - a potion of magic {unknown}
 v - 2 potions of attraction {unknown}


   Skills:
 - Level 5.1 Fighting
 - Level 5.7(6.1) Long Blades
 - Level 3.8 Armour
 - Level 7.8 Dodging
 + Level 6.6 Shields


You had 7 spell levels left.
You didn't know any spells.
Your spell library contained the following spells:

 Spells                   Type           Power      Damage    Failure   Level
 Necrotise                Necr           0%         1d4       100%        1
 Vampiric Draining        Necr           0%         2d6       100%        3
 Agony                    Necr           0%         N/A       100%        5


Dungeon Overview and Level Annotations

Branches:
Dungeon (7/15)             Temple (1/1) D:6

Altars:
Ashenzari
Dithmenos
Fedhas
Gozag
Hepliaklqana
Makhleb
Okawaru
Sif Muna
Xom
Zin
The Shining One

Annotations:
D:5 3 runed translucent doors, DemonSlayer's ghost, novice DsFE
D:6 2 runed translucent doors
D:7 Prince Ribbit


Innate Abilities, Weirdness & Mutations

You have a pair of horns on your head.
You reflexively headbutt those who attack you in melee.


Message History

Prince Ribbit is moderately wounded.
You barely miss Prince Ribbit. Your headbutt misses Prince Ribbit.
Prince Ribbit is moderately wounded.
Prince Ribbit hits you.
You barely miss Prince Ribbit.
Prince Ribbit is moderately wounded.
Prince Ribbit hits you but does no damage.
You closely miss Prince Ribbit. You headbutt Prince Ribbit.
Prince Ribbit is moderately wounded.
Prince Ribbit is no longer moving slowly.
You block Prince Ribbit's attack.
You barely miss Prince Ribbit.
Prince Ribbit is moderately wounded.
Prince Ribbit blinks!
The orc warrior unwields a +0 long sword.
The orc warrior wields a +0 arbalest.
The orc warrior shoots a bolt.
The bolt hits you!
The orc warrior unwields a +0 arbalest.
The orc warrior wields a +0 long sword.
The orc warrior hits you with a +0 long sword.
You hit the orc warrior but do no damage.
Prince Ribbit blinks!
You block the orc warrior's attack.
You slash the orc warrior! You freeze the orc warrior.
The orc warrior is heavily wounded.
Prince Ribbit croaks regally.
The orc warrior hits you with a +0 long sword!
* * * LOW HITPOINT WARNING * * *
You closely miss the orc warrior.
The orc warrior is heavily wounded.
The orc warrior hits you with a +0 long sword.
* * * LOW HITPOINT WARNING * * *
You completely miss the orc warrior.
You headbutt the orc warrior, but do no damage.
The orc warrior is heavily wounded.
The orc warrior hits you with a +0 long sword.
* * * LOW HITPOINT WARNING * * *
You slash the orc warrior! You freeze the orc warrior.
The orc warrior is almost dead.
Prince Ribbit barely misses you.
The orc warrior hits you with a +0 long sword!
You die...

#. ######## .. ........
#.####### ######..
........##########.
#.[.....).)....)...
##.###.#####.###########
.......#####.#
#.o@F....# ##.#####.# #.
#.# #. #.# #. #.# #. #.#
#. ... .. ...


You could see Prince Ribbit and an orc warrior.

Vanquished Creatures
  Eustachio (D:6)
  A steam dragon (D:7)
  A water moccasin (D:6)
  A sky beast (D:7)
  2 black bears (D:6)
  A necrophage (D:5)
  A scorpion (D:5)
  2 jellies
  2 orc priests
  A hound (D:4)
  5 iguanas
  4 orc wizards
  8 adders
  2 worms
  2 dart slugs
  21 orcs
  2 ball pythons
  2 bats
  3 endoplasms
  3 giant cockroaches
  8 goblins
  3 hobgoblins
  8 jackals
  2 frilled lizards
  3 kobolds
89 creatures vanquished.

Vanquished Creatures (others)
  An orc wizard (D:7)
1 creature vanquished.

Grand Total: 90 creatures vanquished

Notes
Turn   | Place    | Note
-------+----------+-------------------------------------------
     0 | D:1      | GigaChad the Minotaur Fighter began the quest for the Orb.
     0 | D:1      | Reached XP level 1. HP: 19/19 MP: 0/0
   153 | D:1      | Found a faded altar of an unknown god.
   173 | D:1      | Reached XP level 2. HP: 13/27 MP: 1/1
   475 | D:2      | Identified the +7 mace of the Maze {spect, rPois Will+
                  | Str+2}
   766 | D:2      | Reached XP level 3. HP: 34/34 MP: 2/2
  1204 | D:3      | Reached skill level 5 in Fighting
  1220 | D:3      | Identified 3 scrolls of acquirement
  1220 | D:3      | Acquired the amulet of Scepticism {RegenMP Drain Will+
                  | rCorr SInv}
  1227 | D:3      | Acquired a +4 demon blade of freezing
  1232 | D:3      | Acquired 424 gold pieces
  1299 | D:3      | Reached XP level 4. HP: 42/42 MP: 3/3
  1585 | D:4      | Reached XP level 5. HP: 48/48 MP: 4/4
  1616 | D:4      | Reached skill level 5 in Long Blades
  1953 | D:4      | Identified the +1 robe of Dogmatism {rPois Int+2 Dex+4
                  | Slay-2}
  2126 | D:4      | Reached skill level 1 in Dodging
  2150 | D:5      | Entered Level 5 of the Dungeon
  2156 | D:5      | Reached skill level 2 in Dodging
  2297 | D:5      | Noticed DemonSlayer's ghost (novice DsFE)
  2297 | D:5      | Found a runed translucent gate.
  2297 | D:5      | Found a runed translucent gate.
  2297 | D:5      | Found a runed translucent gate.
  2306 | D:5      | Reached XP level 6. HP: 56/56 MP: 5/5
  2331 | D:5      | Reached skill level 3 in Dodging
  2507 | D:5      | Reached skill level 4 in Dodging
  2629 | D:6      | Reached skill level 5 in Dodging
  2629 | D:6      | Reached XP level 7. HP: 59/61 MP: 6/6
  2682 | D:6      | Found a staircase to the Ecumenical Temple.
  2689 | Temple   | Entered the Ecumenical Temple
  2694 | Temple   | Became a worshipper of Ashenzari the Shackled
  3036 | D:6      | Reached skill level 6 in Dodging
  3203 | D:6      | Found a large runed translucent door.
  3204 | D:6      | Found a large runed translucent door.
  3223 | D:6      | Noticed Eustachio
  3248 | D:6      | Killed Eustachio
  3249 | D:6      | Reached skill level 7 in Dodging
  3831 | D:7      | Reached XP level 8. HP: 41/68 MP: 7/7
  4159 | D:7      | Reached skill level 5 in Shields
  4599 | D:7      | Noticed Prince Ribbit
  4613 | D:7      | Mangled by an orc warrior

Illustrated notes

Levels and vault maps discovered:
D:1:      matt_arrival_spirals, layout_loops_ring,
          chequers_ecumenical_altar_island, chequers_serial_rivers_room_b,
          minmay_misc_feat_nine_boxes
D:2:      layout_basic, chequers_serial_rivers_small_3
D:3:      layout_loops_ring
D:4:      layout_loops_corners, kennysheep_generic_room_5, uniq_robin
D:5:      kennysheep_kobold_camp, layout_cave_pools,
          gammafunk_ghost_nasty_kobolds, nicolae_fountain_basement
D:6:      minmay_evil_eye, layout_loops_ring, jmf_multi_god_temple2,
          temple_statues, gup_sewer_entry_bubbles, uniq_grinder, uniq_eustachio
D:7:      layout_loops_ring, worms_lemuel, uniq_prince_ribbit1
Temple:   hellmonk_temple_two_chambers

Skill      XL: |  1  2  3  4  5  6  7  8 |
---------------+-------------------------+-----
Fighting       | 4 5 |  5.1
Long Blades    | 3 4 5 |  5.7
Dodging        | 2 5 7 |  7.8
Shields        | 4 6 |  6.6
Armour         | |  3.8

Action                   |  1- 3 |  4- 6 |  7- 9 || total
-------------------------+-------+-------+-------++-------
Melee: Long sword        |    25 |       |       ||    25
       Headbutt          |     8 |     7 |    16 ||    31
       Mace              |    23 |       |       ||    23
       Demon blade       |     7 |    62 |    95 ||   164
Invok: Curse Item        |       |       |     1 ||     1
  Use: Scroll            |     3 |     1 |     1 ||     5
Armor: Scale mail        |    40 |       |       ||    40
       Plate armour      |     9 |    46 |    41 ||    96
Dodge: Dodged            |    26 |    21 |    30 ||    77
Block: Buckler           |    11 |    20 |    23 ||    54
